 Dungeon Crawl Stone Soup version 0.23.2-1-ga50397a (webtiles) character file.

Game seed: 13746098812748174415

23 MalarOregon the Chiller (level 3, -1/24 HPs)
             Began as a Merfolk Ice Elementalist on May 24, 2019.
             Succumbed to a kobold's poison
             ... on level 1 of the Dungeon.
             The game lasted 00:02:54 (722 turns).

MalarOregon the Chiller (Merfolk Ice Elementalist)   Turns: 722, Time: 00:02:55

Health: -1/24      AC:  2    Str:  8    XL:     3   Next: 0%
Magic:  0/6        EV: 13    Int: 15    God:
Gold:   22         SH:  0    Dex: 14    Spells: 3/6 levels left

rFire    . . .     SeeInvis .   g - +0 dagger
rCold    . . .     Gourm    .   (no shield)
rNeg     . . .     Faith    .   a - +0 robe
rPois    .         Spirit   .   (no helmet)
rElec    .         Reflect  .   (no cloak)
rCorr    .         Harm     .   (no gloves)
MR       .....                  (no boots)
Stlth    ++........             (no amulet)
HPRegen  0.08/turn              b - ring of wizardry
MPRegen  0.10/turn              (no ring)

@: lethally poisoned (-1 -> -28), invisible
A: change form in water, swift swim, stealthy swim
a: no special abilities


You were on level 1 of the Dungeon.
You were not hungry.

You visited 1 branch of the dungeon, and saw 1 of its levels.

You collected 22 gold pieces.

Inventory:

Hand Weapons
 g - a +0 dagger (weapon)
   (You took it off a goblin on level 1 of the Dungeon)
Armour
 a - a +0 robe (worn)
 f - a +0 shield
   (You found it on level 1 of the Dungeon)
 i - a +0 helmet
   (You found it on level 1 of the Dungeon)
Jewellery
 b - a ring of wizardry (left hand)
   (You found it on level 1 of the Dungeon)
Scrolls
 h - a scroll of remove curse {unknown}
 j - a scroll of identify {unknown}
Comestibles
 c - 4 chunks of flesh
 e - a ration {!d}


   Skills:
 - Level 3.0 Dodging
 - Level 3.0 Stealth
 - Level 2.0 Spellcasting
 - Level 1.0 Conjurations
 + Level 3.8 Ice Magic


You had 3 spell levels left.
You knew the following spells:

 Your Spells              Type           Power        Failure   Level  Hunger
a - Freeze                Ice            ##..         1%          1    #......
x - Throw Frost           Conj/Ice       #.....       5%          2    ###....

Your spell library contained the following spells:

 Spells                   Type           Power        Failure   Level  Hunger
 Ozocubu's Armour         Chrm/Ice       #.......     12%         3    ###....
 Throw Icicle             Conj/Ice       #.......     32%         4    #####..
 Summon Ice Beast         Ice/Summ       #.......     38%         4    #####..


Dungeon Overview and Level Annotations

Branches:
Dungeon (1/15)

Altars:


Message History

a +0 dagger; a jackal skeleton x2
You see here 14 sling bullets.
A frilled lizard and a bat come into view.
A kobold comes into view.
It is wielding a +0 short sword of venom.
Found 16 gold pieces and a scroll labeled NUKUOB RIDOECH.
A leopard gecko comes into view.
The helpless bat fails to defend itself.
You puncture the bat!
You kill the bat!
The frilled lizard hisses angrily.
The leopard gecko hisses angrily.
The kobold shouts!
The leopard gecko misses you. The frilled lizard barely misses you.
Aim: a leopard gecko You freeze the leopard gecko.
The leopard gecko seems to slow down.
The kobold hits you with a +0 short sword of venom.
You are poisoned.
The frilled lizard bites you.
Aim: a leopard gecko (severely wounded, slow)
You freeze the leopard gecko.
You kill the leopard gecko!
You feel sick. The frilled lizard barely misses you.
The kobold hits you with a +0 short sword of venom.
* * * LOW HITPOINT WARNING * * *
You are more poisoned.
Aim: a kobold, wielding a +0 short sword of venom You freeze the kobold.
* * * LOW HITPOINT WARNING * * *
You feel sick. The frilled lizard closely misses you.
The kobold hits you with a +0 short sword of venom.
* * * LOW HITPOINT WARNING * * *
You are more poisoned.
Aim: a kobold, wielding a +0 short sword of venom (moderately wounded)
You freeze the kobold.
You kill the kobold!
Training target 3.0 for Stealth reached!
Your Stealth skill increases to level 3!
* * * LOW HITPOINT WARNING * * *
You feel sick. The frilled lizard barely misses you.
Aim: a frilled lizard You freeze the frilled lizard.
You kill the frilled lizard!
You have reached level 3!
Your experience leads to an increase in your attributes!
Increase (S)trength, (I)ntelligence, or (D)exterity?
You feel clever.
* * * LOW HITPOINT WARNING * * *
You feel sick.
It was a potion of invisibility.
You fade into invisibility!
You die...

##≈≈≈≈≈≈≈##...####
###...#########....# #
#.......# #.#### #
#.......# #.# #####
#.......#######.###....
#.......?##............
#........##.#.#####....
#....†).$##.#.# #####
#.....@..##.#.# #.
###......##.#.# #.
#.####.##.#.# #. #
#...#.#.# ## #.......#
# #...#.### ##.##.# ###
......# #.. ########
#.#


There were no monsters in sight!

Vanquished Creatures
  A leopard gecko (D:1)
  2 giant cockroaches (D:1)
  3 goblins (D:1)
  2 hobgoblins (D:1)
  3 jackals (D:1)
  3 bats (D:1)
  3 frilled lizards (D:1)
  2 kobolds (D:1)
  A rat (D:1)
20 creatures vanquished.

Notes
Turn   | Place    | Note
-------+----------+-------------------------------------------
     0 | D:1      | MalarOregon the Merfolk Ice Elementalist began the quest
                  | for the Orb.
     0 | D:1      | Reached XP level 1. HP: 13/13 MP: 3/3
   178 | D:1      | Reached XP level 2. HP: 19/19 MP: 1/5
   188 | D:1      | Learned a level 2 spell: Throw Frost
   552 | D:1      | Reached skill level 1 in Conjurations
   721 | D:1      | Reached XP level 3. HP: 3/24 MP: 0/6
   721 | D:1      | HP: 1/24 [poisoned by a kobold]
   722 | D:1      | Succumbed to a kobold's poison

Skill      XL: |  1  2 |
---------------+-------+-----
Dodging        | 3 |  3.0
Conjurations   | 1 |  1.0
Stealth        | 3 |  3.0
Spellcasting   | |  2.0
Ice Magic      | |  3.8

Action                   || total
-------------------------++-------
Melee: Unarmed           ||     2
       Dagger            ||    18
 Cast: Freeze            ||    26
  Use: Potion            ||     1
 Stab: Sleeping          ||     4
Armor: Robe              ||     7
Dodge: Dodged            ||    26
